 Dungeon Crawl Stone Soup version 0.21-a0-531-gacddea6 (webtiles) character file.

35 Amnesiac the Shooter (level 3, -2/21 HPs)
             Began as a Deep Elf Hunter on Dec 13, 2017.
             Slain by an adder (4 damage)
             ... on level 2 of the Dungeon.
             The game lasted 00:01:50 (1063 turns).

Amnesiac the Shooter (Deep Elf Hunter)              Turns: 1063, Time: 00:01:51

Health: -2/21      AC:  3    Str: 10    XL:     3   Next: 16%
Magic:  5/5        EV: 12    Int: 20    God:
Gold:   79         SH:  0    Dex: 15    Spells: 2/2 levels left

rFire    . . .     SeeInvis .   a - +1 shortbow
rCold    . . .     Gourm    .   (shield currently unavailable)
rNeg     . . .     Faith    .   c - +0 leather armour
rPois    .         Spirit   .   (no helmet)
rElec    .         Reflect  .   (no cloak)
rCorr    .         Harm     .   (no gloves)
MR       .....                  (no boots)
Stlth    ++........             (no amulet)
HPRegen  0.07/turn              (no ring)
MPRegen  0.09/turn              (no ring)

@: brilliant, lethally poisoned (-2 -> -5)
A: no striking features
a: no special abilities


You were on level 2 of the Dungeon.
You were hungry.

You visited 1 branch of the dungeon, and saw 2 of its levels.

You collected 79 gold pieces.

Inventory:

Hand Weapons
 a - a +1 shortbow (weapon)
 b - a +1 dagger of speed
 e - a +0 short sword
 k - a +0 spear
Missiles
 d - 15 arrows (quivered)
 j - 23 poisoned needles
Armour
 c - a +0 leather armour (worn)
Scrolls
 g - a scroll of remove curse {!r, unknown}
 i - a scroll of random uselessness {!r, unknown}
 l - 2 scrolls of identify {!r, unknown}
Potions
 n - a potion of flight {!q, unknown}
Comestibles
 f - 2 bread rations
 h - a meat ration


   Skills:
 + Level 1.7 Fighting
 * Level 4.6 Bows
 + Level 1.6 Armour
 + Level 2.6 Dodging
 + Level 1.5 Stealth


You had 2 spell levels left.
You didn't know any spells.

Dungeon Overview and Level Annotations

Branches:
Dungeon (2/15)

Altars:


Message History

You hit the bat.
You kill the bat!
You hit the adder but do no damage. The adder bites you.
You hit the adder but do no damage. The adder misses you.
You hit the adder.
The adder is moderately wounded.
The adder completely misses you.
You barely miss the adder.
The adder is moderately wounded.
You hit the adder.
The adder is heavily wounded.
The adder barely misses you.
You closely miss the adder.
The adder is heavily wounded.
The adder barely misses you.
You closely miss the adder.
The adder is heavily wounded.
The adder bites you but does no damage.
You miss the adder.
The adder is heavily wounded.
The adder closely misses you.
You closely miss the adder.
The adder is heavily wounded.
The adder bites you but does no damage.
You closely miss the adder.
The adder is heavily wounded.
The adder bites you.
You miss the adder.
The adder is heavily wounded.
The adder bites you.
* * * LOW HITPOINT WARNING * * *
You are poisoned.
The adder poisons you!
a - a +1 shortbow (weapon)
You feel sick.
Firing (i - inventory):
d - 18 arrows (quivered)
Press: ? - help, Shift-Dir - straight line, f - adder
Aim: an adder (heavily wounded)
You shoot an arrow. The arrow closely misses the adder.
The arrow hits the kobold!
You kill the kobold!
The adder misses you. The adder bites you.
* * * LOW HITPOINT WARNING * * *
Firing (i - inventory):
d - 17 arrows (quivered)
Press: ? - help, Shift-Dir - straight line, f/p - adder
Aim: an adder (heavily wounded)
You shoot an arrow. The arrow hits the adder.
The adder is almost dead.
The adder misses you.
Firing (i - inventory):
d - 16 arrows (quivered)
Press: ? - help, Shift-Dir - straight line, f/p - adder
Aim: an adder (almost dead)
You shoot an arrow. The arrow misses the adder.
The adder bites you.
* * * LOW HITPOINT WARNING * * *
You are too injured to fight recklessly!
You are too injured to fight recklessly!
You are too injured to fight recklessly!
You are too injured to fight recklessly!
Really quaff
m - a golden potion {!q}?
It was a potion of brilliance {!q}.
You feel clever all of a sudden.
* * * LOW HITPOINT WARNING * * *
You feel sick. The adder bites you.
You die...

.....................
.............(.......
###.....).###....###
#.......###....#
#..............#
#.......###....#
#....##K# #(####
#.... #.# #S# #####
#.# #@# .# #.# ...
....# .....# ......#
.......# #....####


You could see an adder.

Vanquished Creatures
  A dart slug (D:1)
  2 leopard geckos (D:1)
  2 goblins
  2 hobgoblins (D:1)
  A jackal (D:2)
  8 bats
  5 frilled lizards
  5 kobolds
  7 rats (D:1)
33 creatures vanquished.

Notes
Turn   | Place    | Note
-------+----------+-------------------------------------------
     0 | D:1      | Amnesiac the Deep Elf Hunter began the quest for the Orb.
     0 | D:1      | Reached XP level 1. HP: 12/12 MP: 3/3
    95 | D:1      | Reached skill level 1 in Armour
   197 | D:1      | Reached XP level 2. HP: 9/16 MP: 4/4
   834 | D:1      | Reached XP level 3. HP: 21/21 MP: 5/5
  1063 | D:2      | Slain by an adder

Vault maps used:
D:1:      eino_arrival_cavern_e
D:2:      first_bread, nicolae_dithmenos_through_a_glass_darkly, uniq_sigmund

Skill      XL: |  1 |
---------------+----+-----
Armour         | 1 |  1.6
Fighting       | |  1.7
Bows           | |  4.6
Dodging        | |  2.6
Stealth        | |  1.5

Action                   || total
-------------------------++-------
Melee: Spear             ||    74
       Dagger            ||    30
 Fire: Shortbow          ||    10
  Use: Potion            ||     1
 Stab: Sleeping          ||     5
Armor: Leather armour    ||    40
Dodge: Dodged            ||    84

Table legend:
 A = Spawn XP
 B = Non-spawn XP
 C = Spawn XP percentage of total XP
 D = Spawn monster count
 E = Non-spawn monster count
 F = Spawn count percentage of total count
 G = Total turns spent on level
                    A         B        C        D         E        F      G
               +---------+---------+-------+---------+---------+-------+---------
         Total |       0 |      50 |   0.0 |       0 |      33 |   0.0 |  1063
               +---------+---------+-------+---------+---------+-------+---------
           D:1 |       0 |      42 |   0.0 |       0 |      27 |   0.0 |  1017
           D:2 |       0 |       8 |   0.0 |       0 |       6 |   0.0 |    46
               +---------+---------+-------+---------+---------+-------+---------
